 Dungeon Crawl Stone Soup version 0.27.1-34-g3ba077fa99 (webtiles) character file.

Game seed: 10130457550799576811

73602 LLlMATKO the Fighter (level 15, -22/138 HPs)
             Began as a Minotaur Berserker on Jan 30, 2022.
             Was the Champion of Trog.
             Annihilated by Rupert (31 damage)
             ... on level 13 of the Dungeon.
             The game lasted 00:35:24 (29056 turns).

LLlMATKO the Fighter (Minotaur Berserker)          Turns: 29056, Time: 00:35:25

Health: -22/138    AC: 17    Str: 27    XL:     15   Next: 4%
Magic:  14/14      EV: 17    Int:  4    God:    Trog [******]
Gold:   1651       SH: 19    Dex: 17    Spells: 14/14 levels left

rFire    + . .     SeeInvis .   w - +3 war axe (flame)
rCold    + . .     Faith    .   H - +0 kite shield
rNeg     + . .     Spirit   .   e - +0 plate armour
rPois    +         Reflect  +   Y - -2 hat of the Alchemist {rElec rPois rF+ rC+ rN+ Will+ rMut rCorr}
rElec    +         Harm     .   R - +0 cloak
rCorr    +         Rampage  .   (no gloves)
rMut     +                      E - +0 pair of boots
Will     ++...                  V - amulet of reflection
Stlth    ..........             k - +4 ring of evasion
HPRegen  0.33/turn              x - +6 ring of strength
MPRegen  0.14/turn

@: on berserk cooldown, slowed, very slow
A: horns 2, retaliatory headbutt
a: Renounce Religion, Berserk, Trog's Hand, Brothers in Arms


You were on level 13 of the Dungeon.
You worshipped Trog.
Trog was exalted by your worship.
You visited 2 branches of the dungeon, and saw 19 of its levels.

You collected 1651 gold pieces.

Inventory:

Hand Weapons
 q - a +0 hand crossbow
 w - a +3 war axe of flaming (weapon)
 F - a +2 spear of flaming
Missiles
 b - 3 silver javelins
 s - 40 poisoned darts (quivered)
 u - 16 boomerangs
 y - 22 javelins
 A - 41 bolts
 O - 10 curare-tipped darts
Armour
 e - a +0 plate armour (worn)
 E - a +0 pair of boots (worn)
 H - a +0 kite shield (worn)
 R - a +0 cloak (worn)
 Y - the -2 hat of the Alchemist (worn) {rElec rPois rF+ rC+ rN+ Will+ rMut rCorr}
   (You found it on level 3 of the Lair of Beasts)

   rF:        It protects you from fire.
   rC:        It protects you from cold.
   rElec:     It insulates you from electricity.
   rPois:     It protects you from poison.
   rN:        It protects you from negative energy.
   rCorr:     It protects you from acid and corrosion.
   rMut:      It protects you from mutation.
   Will:      It increases your willpower.
Jewellery
 c - a ring of resist corrosion
 f - the ring of Wicyo {Fly Will+ Str-4 Dex+6}
   (You took it off a spriggan on level 6 of the Lair of Beasts)

   [ring of dexterity]

   Str:       It affects your strength (-4).
   Dex:       It affects your dexterity (+6).
   Fly:       It grants you flight.
   Will:      It increases your willpower.
 k - a +4 ring of evasion (left hand)
 x - a +6 ring of strength (right hand)
 V - an amulet of reflection (around neck)
 X - a ring of willpower
Wands
 J - a wand of charming (24)
 K - a wand of flame (26)
 L - a wand of paralysis (26)
 M - a wand of iceblast (13)
 N - a wand of polymorph (33)
Scrolls
 d - a scroll of identify
 g - 4 scrolls of vulnerability
 h - a scroll of holy word
 i - a scroll of fog
 j - a scroll of enchant weapon
 l - 2 scrolls of summoning
 m - 6 scrolls of magic mapping
 o - 10 scrolls of teleportation
 z - 4 scrolls of fear
 C - a scroll of noise
 G - a scroll of immolation
Potions
 n - 3 potions of ambrosia
 p - 2 potions of might
 v - 3 potions of curing
 B - 2 potions of invisibility
 D - 9 potions of heal wounds
 Q - 2 potions of magic
 T - a potion of haste


   Skills:
 + Level 14.1 Fighting
 + Level 14.1 Axes
 - Level 10.0 Crossbows
 + Level 14.0 Armour
 + Level 12.9 Dodging
 + Level 11.7 Shields


You had 14 spell levels left.
You didn't know any spells.
Your spell library was empty.

Dungeon Overview and Level Annotations

Branches:
Dungeon (13/15)            Temple (0/1) D:4            Lair (6/6) D:8
  Swamp (0/4) Lair:2        Snake (0/4) Lair:3        Slime (0/5) Lair:5
    Orc (0/2) D:10         Vaults (0/5) D:13

Altars:
Cheibriados
Elyvilon
Gozag
Nemelex Xobeh
Okawaru
Ru
Sif Muna
Trog
Uskayaw
Yredelemnul
Zin
The Shining One
Lugonu

Shops:
D:2 *   D:4 =   D:10 ([   D:12 *

Portals:
Abyss: Lair:6

Annotations:
D:5 2 transporters, FLACIDUS's ghost, novice GrEE
D:7 2 transporters, diceflayer's ghost, novice MiFi
D:10 2 transporters, sobakacece's ghost, journeyman DgIE
D:13 Rupert


Innate Abilities, Weirdness & Mutations

You have a pair of horns on your head.
You reflexively headbutt those who attack you in melee.


Message History

Rupert completely misses you.
You completely miss Rupert.
Rupert is lightly wounded.
You block Rupert's attack.
You barely miss Rupert.
Rupert is lightly wounded.
You barely miss Rupert.
Rupert is lightly wounded.
Rupert misses you.
You slice Rupert!! You burn Rupert. You headbutt Rupert!
Rupert is moderately wounded.
Rupert barely misses you.
You barely miss Rupert.
Rupert is moderately wounded.
You block Rupert's attack.
You hit Rupert. Your headbutt misses Rupert.
Rupert is moderately wounded.
Rupert hits you with a +6 great sword of electrocution!
You slash Rupert! You burn Rupert.
Rupert is heavily wounded.
Rupert closely misses you.
You closely miss Rupert. You headbutt Rupert!!
Rupert is heavily wounded.
Rupert hits you with a +6 great sword of electrocution!!!
You slash Rupert! You burn Rupert. Your headbutt misses Rupert.
Rupert is severely wounded.
You are no longer berserk.
You are exhausted.
You feel yourself slow down.
Rupert hits you with a +6 great sword of electrocution!
You slash Rupert! You burn Rupert.
Rupert is severely wounded.
Rupert hits you with a +6 great sword of electrocution!!
* * * LOW HITPOINT WARNING * * *
You hit Rupert. You burn Rupert.
Rupert is severely wounded.
Rupert hits you with a +6 great sword of electrocution!!
* * * LOW HITPOINT WARNING * * *
Rupert hits you with a +6 great sword of electrocution!!
You die...

#......)).......#
#......)..)..(..#
##############..(....
..'......'....... ...
#.$....#..z.... ....
#......#....p.. ....
#......########
.....##...#.#
.....##...#@#
.....'....#@(......
########....#.#......
#...........#.##.....
#...........#.# .....
####...........#.#
....
#..........#####.#
... ..#........#
.@..# ##'
###)######## ####


You could see Rupert (berserk, resistant).

Vanquished Creatures
  Gastronok (Lair:2)
  Harold (Lair:2)
  4 boulder beetles
  6 hydras
  A catoblepas (Lair:4)
  3 two-headed ogres
  A death knight (D:13)
  3 tengu warriors (D:13)
  4 thrashing horrors (Lair:6)
  6 skeletal warriors
  Pikel (D:7)
  A necromancer (D:13)
  5 ugly things
  2 deep elf zephyrmancers (D:13)
  A mana viper (shapeshifter) (Lair:6)
  A manticore (D:12)
  4 oklob plants
  4 elephants (Lair:5)
  2 cyclopes (D:11)
  2 black mambas
  A smoke demon (Lair:6)
  2 gargoyles (D:13)
  9 komodo dragons
  15 cane toads
  3 rime drakes
  2 freezing wraiths (D:13)
  3 kobold demonologists
  An unseen horror (D:11)
  An ancient zyme (Lair:6)
  3 polar bears
  3 trolls
  A hornet (D:7)
  3 tyrant leeches (Lair:2)
  4 slime creatures (D:13)
  45 blink frogs
  11 dream sheep (Lair:6)
  3 shadows
  3 wraiths
  A spriggan (Lair:6)
  54 yaks
  2 ynoxinuls (Lair:6)
  5 wyverns
  A large abomination (Lair:6)
  7 basilisks
  A vampire (D:12)
  10 vampire mosquitoes
  A chaos spawn (Lair:6)
  An acid dragon (D:6)
  A naga (Lair:3)
  A swamp worm (Lair:2)
  13 water moccasins
  A floating eye (shapeshifter) (Lair:6)
  4 orc warriors
  5 black bears
  2 ice beasts
  3 sky beasts (D:6)
  7 necrophages
  2 ogres (D:6)
  11 wolves
  2 centaurs
  3 lemures (D:7)
  5 kobold brigands
  11 small abominations (Lair:6)
  2 gnoll sergeants
  2 scorpions
  2 wyvern zombies
  13 bullfrogs
  2 water moccasin zombies (D:5)
  3 killer bees (D:8)
  10 wights
  11 electric eels
  2 howler monkeys (D:10)
  5 centaur zombies
  2 orc priests
  A hound (D:7)
  2 iguanas
  A bullfrog skeleton (D:6)
  4 jellies
  5 orc wizards (D:6)
  4 howler monkey zombies
  4 gnolls
  10 adders
  2 white imps
  An adder skeleton (D:4)
  2 dart slugs
  22 orcs
  10 ball pythons
  5 endoplasms
  4 giant cockroaches
  9 goblins
  8 hobgoblins
  4 quokkas
  4 bats
  A frilled lizard (D:1)
  19 kobolds
  7 rats
503 creatures vanquished.

Vanquished Creatures (collateral kills)
  An oklob plant (Lair:3)
  A centaur (D:11)
2 creatures vanquished.

Vanquished Creatures (others)
  A wizard (D:9)
  An orc wizard (D:5)
  A howler monkey zombie (D:5)
  3 orcs (D:5)
  A bush (Lair:5)
  31 fungi
  40 plants
  5 toadstools (D:5)
83 creatures vanquished.

Grand Total: 588 creatures vanquished

Notes
Turn   | Place    | Note
-------+----------+-------------------------------------------
     0 | D:1      | LLlMATKO the Minotaur Berserker began the quest for the
                  | Orb.
     0 | D:1      | Reached XP level 1. HP: 19/19 MP: 0/0
   297 | D:1      | Reached XP level 2. HP: 25/27 MP: 1/1
   394 | D:1      | Found a faded altar of an unknown god.
   691 | D:1      | Reached XP level 3. HP: 24/33 MP: 2/2
  1263 | D:1      | Found a faded altar of an unknown god.
  2298 | D:2      | Found Dysidoteng's Assorted Antiques.
  2504 | D:2      | Reached ** piety under Trog
  2505 | D:2      | Reached XP level 4. HP: 39/40 MP: 3/3
  3049 | D:3      | Found an iron altar of Okawaru.
  3920 | D:3      | Found a glowing golden altar of the Shining One.
  4002 | D:4      | Noticed a scorpion
  4016 | D:4      | Killed a scorpion
  4017 | D:4      | Reached XP level 5. HP: 37/47 MP: 4/4
  4267 | D:4      | Reached skill level 5 in Fighting
  4267 | D:4      | Reached skill level 5 in Axes
  4329 | D:4      | Found a basalt altar of Yredelemnul.
  4442 | D:4      | Found Xaddul's Jewellery Shop.
  4465 | D:4      | Noticed a black bear
  4473 | D:4      | Killed a black bear
  4474 | D:4      | Reached XP level 6. HP: 50/56 MP: 5/5
  4509 | D:4      | Found a staircase to the Ecumenical Temple.
  5055 | D:5      | Entered Level 5 of the Dungeon
  5121 | D:5      | Reached skill level 5 in Armour
  5121 | D:5      | Reached XP level 7. HP: 62/62 MP: 6/6
  5409 | D:5      | Reached *** piety under Trog
  5417 | D:5      | Reached skill level 5 in Dodging
  5658 | D:5      | Found a transporter.
  5669 | D:5      | Noticed FLACIDUS's ghost (novice GrEE)
  5671 | D:5      | Found a transporter.
  5672 | D:5      | Identified the +5 great mace of Toupug {drain, rPois}
  6298 | D:6      | Reached XP level 8. HP: 71/71 MP: 7/7
  6328 | D:6      | Reached skill level 1 in Crossbows
  7324 | D:6      | Reached XP level 9. HP: 78/80 MP: 8/8
  7923 | D:7      | Noticed Pikel
  7935 | D:7      | Killed Pikel
  8084 | D:7      | Found a sparkling altar of Nemelex Xobeh.
  8104 | D:7      | Found a transporter.
  8139 | D:7      | Noticed diceflayer's ghost (novice MiFi)
  8139 | D:7      | Noticed a komodo dragon
  8140 | D:7      | Noticed a moth of wrath
  8177 | D:7      | Found a transporter.
  8333 | D:7      | Reached **** piety under Trog
  8377 | D:7      | Noticed a +0 spear
  8379 | D:7      | Noticed a +0 spear
  8379 | D:7      | Noticed a +0 short sword
  8386 | D:7      | Found a hide-covered altar of Uskayaw.
  8386 | D:7      | Noticed a +0 falchion
  8386 | D:7      | Noticed a +0 dagger
  8388 | D:7      | Noticed a +0 dagger
  8388 | D:7      | Noticed a +0 falchion
  8389 | D:7      | Noticed a +0 short sword
  8583 | D:7      | Found a glowing silver altar of Zin.
  8817 | D:8      | Reached skill level 5 in Crossbows
  8969 | D:8      | Found a staircase to the Lair.
  9116 | D:8      | Found a shimmering blue altar of Sif Muna.
  9116 | D:8      | Found a sacrificial altar of Ru.
  9442 | D:8      | Reached skill level 1 in Shields
  9725 | D:9      | Reached XP level 10. HP: 80/90 MP: 9/9
  9898 | D:9      | Found a bloodstained altar of Trog.
  9978 | D:9      | Found an opulent altar of Gozag.
 10099 | D:9      | Noticed a wizard
 10105 | D:9      | Killed a wizard
 10282 | Lair:1   | Entered Level 1 of the Lair of Beasts
 10389 | Lair:1   | Noticed a cane toad
 10403 | Lair:1   | Killed a cane toad
 10447 | Lair:1   | Noticed a cane toad
 10538 | Lair:1   | Killed a cane toad
 11106 | D:10     | Entered Level 10 of the Dungeon
 11534 | D:10     | Found Vaul's Armour Emporium.
 11534 | D:10     | Found a staircase to the Orcish Mines.
 11534 | D:10     | Found Seifuim's Weapon Emporium.
 11604 | D:10     | Noticed a toenail golem
 11611 | D:10     | Noticed a toenail golem
 11614 | D:10     | Noticed a large abomination
 11615 | D:10     | Found a transporter.
 11625 | D:10     | Found a transporter.
 11626 | D:10     | Noticed a thrashing horror
 11653 | D:10     | Noticed sobakacece's ghost (journeyman DgIE)
 12025 | D:10     | Found a snail-covered altar of Cheibriados.
 12228 | D:11     | Noticed a four-headed hydra
 12235 | D:11     | Killed a one-headed hydra
 12236 | D:11     | Reached skill level 10 in Axes
 12236 | D:11     | Reached XP level 11. HP: 67/99 MP: 10/10
 12246 | D:11     | Reached ***** piety under Trog
 12247 | D:11     | Reached skill level 10 in Fighting
 12577 | D:11     | Reached skill level 5 in Shields
 12738 | D:11     | Noticed a boulder beetle
 12755 | D:11     | Killed a boulder beetle
 12756 | D:11     | Reached skill level 10 in Armour
 12928 | D:11     | Noticed an eight-headed hydra
 12940 | D:11     | Killed a five-headed hydra
 13987 | D:12     | Noticed a two-headed ogre
 13995 | D:12     | Killed a two-headed ogre
 14328 | D:12     | Noticed a boulder beetle
 14349 | D:12     | Killed a boulder beetle
 14539 | D:12     | Noticed a red ugly thing
 14547 | D:12     | Killed a red ugly thing
 14603 | D:12     | Found Xeryguf's Assorted Antiques.
 14616 | D:12     | Noticed a skeletal warrior
 14616 | D:12     | Noticed a skeletal warrior
 14616 | D:12     | Noticed a skeletal warrior
 14618 | D:12     | Noticed a skeletal warrior
 14625 | D:12     | Killed a skeletal warrior
 14633 | D:12     | Killed a skeletal warrior
 14634 | D:12     | Reached XP level 12. HP: 108/108 MP: 11/11
 14642 | D:12     | HP: 8/165 [skeletal warrior[a skeletal warrior] (4)]
 14645 | D:12     | HP: 3/165 [skeletal warrior[a skeletal warrior] (8)]
 15301 | D:12     | Found a bloodstained altar of Trog.
 15419 | D:12     | Reached skill level 10 in Dodging
 15755 | D:13     | Noticed a boulder beetle
 16425 | Lair:2   | Noticed Harold
 16436 | Lair:2   | Killed Harold
 17673 | Lair:2   | Noticed Gastronok
 17688 | Lair:2   | Killed Gastronok
 17810 | Lair:2   | Found a staircase to the Swamp.
 18073 | Lair:2   | Reached XP level 13. HP: 92/118 MP: 12/12
 19208 | Lair:3   | Found the -2 hat of the Alchemist {rElec rPois rF+ rC+ rN+
                  | Will+ rMut rCorr}
 19804 | Lair:3   | Found a staircase to the Snake Pit.
 20568 | Lair:4   | Found a white marble altar of Elyvilon.
 20605 | Lair:4   | Reached skill level 10 in Crossbows
 20607 | Lair:4   | Received a gift from Trog
 20689 | Lair:4   | You fall into a shaft and drop 2 floors!
 20689 | Lair:6   | Entered Level 6 of the Lair of Beasts
 21332 | Lair:4   | Reached skill level 10 in Shields
 21666 | Lair:4   | Reached XP level 14. HP: 129/129 MP: 13/13
 21781 | Lair:4   | Received a gift from Trog
 22002 | Lair:4   | Reached ****** piety under Trog
 23032 | Lair:5   | Found a staircase to the Slime Pits.
 25913 | Lair:6   | Identified the ring of Wicyo {Fly Will+ Str-4 Dex+6}
 26615 | Lair:6   | Found a corrupted altar of Lugonu.
 26617 | Lair:6   | Found a one-way gate to the infinite horrors of the Abyss.
 28156 | D:13     | Identified the +6 chain mail "Cugyr" {Rampage rPois Will-
                  | Stlth+}
 28616 | D:13     | Found a gate to the Vaults.
 28633 | D:13     | Reached XP level 15. HP: 69/138 MP: 14/14
 29026 | D:13     | Noticed Rupert
 29056 | D:13     | Annihilated by Rupert

Illustrated notes

Levels and vault maps discovered:
D:1:      nzn_arrival_settlement, layout_basic, ebering_ecumenical_altar_ruins
D:2:      layout_basic, serial_shops, shop_fountains, minmay_hexomino_p4
D:3:      layout_basic, okawaru_trees_1, nicolae_tso_swordbearing_angel,
          nrook_mini_vaults, columned_hall_lemuel
D:4:      layout_loops_ring, mainiacjoe_overflow_paths,
          minmay_temple_entry_statues_fountains, serial_shops,
          nicolae_diamond_shop
D:5:      layout_loops_ring, gammafunk_ghost_smash, minmay_gold_behind_fungi,
          lemuel_flamethrower_2
D:6:      layout_basic, chequers_serial_rivers_micro_c,
          chequers_serial_rivers_large_a, serial_park_tiny_2,
          kennysheep_diamond, chequers_serial_rivers_room_b
D:7:      layout_basic, nicolae_uskayaw_en_pointe, nemelex_spade_bored_becter,
          zin_statuary, gammafunk_ghost_berserking_beasts, interstate_on_off,
          serial_bayou_lagoon_a, uniq_pikel
D:8:      layout_cave_pods, grunt_temple_overflow_open, lair_entry_dummy,
          amcnicky_mini_corridor_feature, chequers_serial_rivers_small_3
D:9:      layout_cave_pools, trog_wizard, mainiacjoe_overflow_cross_hatched
D:10:     layout_irregular_city, kennysheep_mini, orc_david_3,
          gammafunk_ghost_abyssal_escape, serial_undead, serial_undead_a,
          serial_undead_a, serial_undead_b, serial_undead_c, serial_undead_b,
          serial_undead_d, serial_undead_b, serial_undead_f, serial_undead_c,
          serial_undead_e, chequers_decorated_corner
D:11:     layout_basic, minmay_fractal_squares_diagonal_5
D:12:     layout_roguey, serial_shops, nicolae_shop_overgrown_old_shop,
          trog_hazing_becter
D:13:     layout_gridville, david_vaults_1, serial_co_window_serial,
          co_window_paths_a, co_window_corner_a, co_window_of_opportunity_a,
          co_window_paths_b, co_window_of_opportunity_a, co_window_corner_a,
          co_window_of_opportunity_a, co_window_corner_a, co_window_paths_b,
          co_window_broadway_c, co_window_broadway_a, co_window_paths_c,
          glass_columns_c, uniq_rupert
Lair:1:   layout_chaotic_city
Lair:2:   layout_chaotic_city, minmay_swamp_entry_worms, st_stairs_10,
          uniq_gastronok, uniq_harold
Lair:3:   layout_regular_city, guppyfry_snake_entry_garden,
          minmay_lair_oklob_chamber, grunt_megastairs_2
Lair:4:   layout_hall_layers, basic_altar, grunt_megastairs_5
Lair:5:   layout_cave_pods, minmay_slime_entry_oklob_open,
          infiniplex_staircase_pool_2, grunt_megastairs_4
Lair:6:   hellmonk_lair_end_abyssal_woods, layout_loops_ring, minivault_24,
          serial_bayou_lake_a

Skill      XL: |  1  2  3  4  5  6  7  8  9 10 11 12 13 14 15 |
---------------+----------------------------------------------+-----
Axes           | 4 5 6 7 8 10 11 12 14 | 14.1
Fighting       | 4 5 6 7 8 9 10 12 13 14 | 14.1
Armour         | 3 4 5 7 8 9 10 11 12 13 14 | 14.0
Dodging        | 3 4 5 6 7 8 9 10 11 12 | 12.9
Crossbows      | 3 5 6 8 9 10 | 10.0
Shields        | 1 4 6 8 10 11 | 11.7

Action                   |  1- 3 |  4- 6 |  7- 9 | 10-12 | 13-15 || total
-------------------------+-------+-------+-------+-------+-------++-------
Melee: Hand axe          |    87 |   140 |    33 |       |       ||   260
       Headbutt          |    11 |    20 |    43 |   102 |   132 ||   308
       War axe           |       |       |   174 |   392 |   508 ||  1074
 Fire: Hand crossbow     |       |       |       |    57 |   419 ||   476
Throw: Javelin           |       |       |     6 |       |     1 ||     7
       Dart              |       |       |       |     7 |     6 ||    13
Invok: Berserk           |       |     1 |     7 |     9 |    11 ||    28
       Trog's Hand       |       |       |       |     2 |     1 ||     3
       Brothers in Arms  |       |       |       |     2 |     1 ||     3
  Use: Scroll            |       |       |       |     1 |    24 ||    25
 Stab: Sleeping          |     1 |       |       |       |       ||     1
Armor: Animal skin       |    10 |       |       |       |       ||    10
       Plate armour      |    44 |    68 |    91 |   157 |   157 ||   517
Dodge: Dodged            |    36 |    88 |   107 |   198 |   224 ||   653
Block: Kite shield       |       |       |    29 |   231 |   444 ||   704
       Buckler           |       |       |       |       |    18 ||    18
       Reflection        |       |       |       |       |     7 ||     7
